 Dungeon Crawl Stone Soup version 0.30.1-3-gfc49f6343a (webtiles) character file.

Game seed: 16543263153899395458

701 KyoPewz the Chucker (level 7, -9/72 HPs)
             Began as an Ogre Gladiator on July 30, 2023.
             Mangled by a gnoll
             ... wielding a +0 halberd
              (10 damage)
             ... on level 4 of the Dungeon.
             The game lasted 00:10:03 (3382 turns).

KyoPewz the Chucker (Ogre Gladiator)                Turns: 3382, Time: 00:10:04

Health: -9/72      AC:  5    Str: 21    XL:     7   Next: 66%
Magic:  7/7        EV: 10    Int:  9    God:
Gold:   174        SH:  0    Dex: 10    Spells: 6/6 levels left

rFire   . . .        t - +1 whip (drain)
rCold   . . .        (no shield)
rNeg    + . .        n - +2 animal skin
rPois   .            c - +0 hat
rElec   .            (no cloak)
rCorr   .            (gloves unavailable)
SInv    .            (boots unavailable)
Will    +....        (no amulet)
Stlth   +            N - ring of positive energy
HPRegen 0.32/turn    u - ring of willpower
MPRegen 0.10/turn

%: no passive effects
@: no status effects
A: large, unfitting armour, tough skin 1
a: no special abilities


You were on level 4 of the Dungeon.
You visited 1 branch of the dungeon, and saw 4 of its levels.

You collected 174 gold pieces.

Inventory:

Hand Weapons
 a - a +0 flail
 t - a +1 whip of draining (weapon)
Missiles
 e - a large rock
 g - 34 stones (quivered)
 o - 4 poisoned darts
 r - a throwing net
Armour
 c - a +0 hat (worn)
 n - a +2 animal skin (worn)
Jewellery
 u - a ring of willpower (right hand)
 N - a ring of positive energy (left hand)
Wands
 v - a wand of roots (4)
Scrolls
 b - a scroll of vulnerability {unknown}
 d - a scroll of immolation {unknown}
 f - 2 scrolls of fog {unknown}
 h - a scroll of summoning {unknown}
 k - 3 scrolls of identify {unknown}
 m - a scroll of poison {unknown}
 y - a scroll of teleportation {unknown}
Potions
 i - a potion of lignification {unknown}
 j - a potion of might {unknown}
 l - a potion of heal wounds
 p - a potion of haste {unknown}
 q - 2 potions of curing {unknown}
 s - a potion of ambrosia {unknown}
 w - a potion of magic {unknown}
 x - 2 potions of degeneration {unknown}


   Skills:
 - Level 5.0 Fighting
 + Level 5.5 Maces & Flails
 + Level 5.5 Throwing
 - Level 2.6 Dodging


You had 6 spell levels left.
You didn't know any spells.
Your spell library contained the following spells:

 Spells                   Type           Power      Damage    Failure   Level
 Blink                    Tloc           0%         N/A       52%         2
 Lesser Beckoning         Tloc           0%         N/A       52%         2
 Momentum Strike          Conj/Tloc      0%         3d8       52%         2


Dungeon Overview and Level Annotations

Branches:
Dungeon (4/15)
 Temple: D:4-7

Altars:
Fedhas
Makhleb
Ru
Xom

Portals:
Sewer: D:4


Innate Abilities, Weirdness & Mutations

You are too large for most types of armour.
You have tough skin. (AC +1)


Message History

The gnoll is severely wounded.
The gnoll misses you. The gnoll barely misses you.
You closely miss the gnoll.
The gnoll is severely wounded.
The gnoll closely misses you. The gnoll hits you with a +0 halberd!
* * * LOW HITPOINT WARNING * * *
You take 12 damage, and have 12/72 hp.
You hit the gnoll.
The gnoll is almost dead.
The gnoll barely misses you. The gnoll closely misses you.
You hit the gnoll.
You kill the gnoll!
The gnoll hits you with a +0 halberd!
* * * LOW HITPOINT WARNING * * *
You take 11 damage, and have 2/72 hp.
It was a potion of heal wounds.
You feel much better.
l - a potion of heal wounds;
d - a scroll labelled BUONUS IHYS The gnoll completely misses you.
You regained 22 hp, and now have 24/72 hp.
You barely miss the gnoll.
The gnoll is lightly wounded.
You closely miss the gnoll.
The gnoll is lightly wounded.
The gnoll misses you.
You hit the gnoll.
The gnoll is moderately wounded.
The gnoll barely misses you. The gnoll hits you with a +0 halberd.
* * * LOW HITPOINT WARNING * * *
You take 5 damage, and have 20/72 hp.
You hit the gnoll but do no damage.
The gnoll is moderately wounded.
The gnoll hits you with a +0 halberd!
* * * LOW HITPOINT WARNING * * *
The gnoll hits you with a +0 halberd.
* * * LOW HITPOINT WARNING * * *
You take 19 damage, and have 1/72 hp.
MASSIVE DAMAGE!!
You closely miss the gnoll.
The gnoll is moderately wounded.
The gnoll hits you with a +0 halberd!
You die...

#### .... ##### .# #.
#~~~~ #####. . .'~~∩~
..#.. .#####.#~~~~ #.#.#
..#.#).#####
....##########.#gg.......
.........†....>#@#.###..#
.##.#.##.#.#...#.#.#
..<.#.##.#.##..#.#.#
....#.##......<..#..
....#.##.#####.#####
###.#..#<. .... #.#.####
###.## #.#....# #.#
#.####.# #.#


You could see 2 gnolls.

Vanquished Creatures
  Sigmund (D:2)
  A black bear (D:4)
  A hound (D:4)
  2 orc priests (D:3)
  Ijyb (D:3)
  2 orc wizards (D:3)
  Robin (D:2)
  8 gnolls
  9 adders
  2 worms
  2 dart slugs
  4 orcs (D:3)
  6 bats
  7 endoplasms
  4 giant cockroaches
  15 goblins
  13 hobgoblins
  18 jackals
  2 quokkas
  A ball python (D:2)
  5 frilled lizards
  9 kobolds
  6 rats
120 creatures vanquished.

Notes
Turn   | Place    | Note
-------+----------+-------------------------------------------
     0 | D:1      | KyoPewz the Ogre Gladiator began the quest for the Orb.
     0 | D:1      | Reached XP level 1. HP: 22/22 MP: 1/1
   100 | D:1      | Reached XP level 2. HP: 28/31 MP: 2/2
   460 | D:1      | Reached XP level 3. HP: 15/37 MP: 3/3
  1001 | D:2      | Noticed Robin
  1008 | D:2      | Reached XP level 4. HP: 19/48 MP: 4/4
  1013 | D:2      | Killed Robin
  1511 | D:2      | Noticed Sigmund
  1544 | D:2      | Killed Sigmund
  1545 | D:2      | Reached skill level 5 in Fighting
  1545 | D:2      | Reached XP level 5. HP: 22/57 MP: 5/5
  1545 | D:2      | Reached XP level 6. HP: 26/66 MP: 6/6
  2764 | D:3      | Found a sacrificial altar of Ru.
  2802 | D:3      | Reached XP level 7. HP: 50/71 MP: 7/7
  2908 | D:3      | Noticed Ijyb
  2920 | D:3      | Killed Ijyb
  2921 | D:3      | Reached skill level 5 in Maces & Flails
  3056 | D:3      | Reached skill level 5 in Throwing
  3103 | D:3      | Found a blossoming altar of Fedhas.
  3221 | D:3      | Found a shimmering altar of Xom.
  3280 | D:4      | Found a burning altar of Makhleb.
  3350 | D:4      | Found a glowing drain.
  3376 | D:4      | HP: 2/72 [gnoll/+0 halberd (11)]
  3381 | D:4      | HP: 1/72 [gnoll/+0 halberd (4)]
  3382 | D:4      | Mangled by a gnoll

Illustrated notes

Levels and vault maps discovered:
D:1:      enne_arrival_octagon_isle, layout_basic, grunt_decor_resistance,
          hangedman_abyss_or_decor_lesser_grid, grunt_decor_mini_mirrors,
          ebering_dispersal_statue_hall
D:2:      layout_basic, uniq_robin, uniq_sigmund
D:3:      layout_basic, lemuel_round_altar, mainiacjoe_overflow_catwalk,
          overflow_temple_1_default, serial_glass, glass_columns_b,
          glass_columns_b, glass_columns_a, glass_columns_a, glass_columns_a,
          glass_columns_c, glass_columns_b, glass_columns_b,
          nicolae_underground_beach, uniq_ijyb
D:4:      layout_basic, makhleb_heckhound_becter, yredelemnul_altar_generic,
          gup_sewer_entry_glass, nicolae_ossuary_entry_ruins, uniq_eustachio,
          uniq_blork_the_orc

Skill      XL: |  1  2  3  4  5  6  7 |
---------------+----------------------+-----
Fighting       | 3 5 |  5.0
Maces & Flails | 3 4 5 |  5.5
Throwing       | 3 4 5 |  5.5
Dodging        | |  2.6

Action                     |  1- 3 |  4- 6 |  7- 9 || total
---------------------------+-------+-------+-------++-------
  Melee: Flail             |   127 |   196 |       ||   323
         Punch             |     1 |     3 |       ||     4
         Whip              |       |    28 |    92 ||   120
  Throw: Stone             |    12 |     3 |       ||    15
         Throwing net      |       |     3 |       ||     3
    Use: Potion            |       |       |     1 ||     1
   Stab: Sleeping          |     1 |       |     1 ||     2
 Armour: Robe              |    44 |     4 |       ||    48
         Animal skin       |       |   109 |    34 ||   143
  Dodge: Dodged            |    88 |   135 |    51 ||   274
